[Event "U.S. National Elementary School Champion"]
[Site "Columbus, OH"]
[Date "2024.04.28"]
[Round "7"]
[White "Radhakrishnan, Sharath"]
[Black "Wang, Ted"]
[Result "0-1"]
[ECO "B31"]
[WhiteElo "1963"]
[BlackElo "2027"]
[Annotator "Ted Wang"]
[PlyCount "78"]
[GameId "2062502749655112"]
[EventDate "2024.04.26"]
[EventType "swiss"]
[EventRounds "7"]
[TimeControl "5400+10"]

1. e4 c5 2. Nf3 Nc6 3. Bb5 g6 4. O-O Bg7 5. Re1 Nf6 6. c3 O-O 7. d4 d5 8. e5 Ne4 9. Nbd2 cxd4 10. cxd4 Qb6 11. Bxc6 Qxc6 {I already managed to equalize here. It was a pretty pleasant position.} 12. Nb3 (12. Nxe4 dxe4 13. d5 Qc4 14. Ng5 Bxe5 15. Rxe4 Qc7 16. Nf3 Bf6 {Something like this would lead to a very double edged game.}) 12... Be6 $2 (12... b6 13. Be3 Ba6 14. Ng5 Nxg5 15. Bxg5 f6 16. Bd2 Rac8 {This would be probably better than the game because he has no extremely strong c5 knight.}) 13. Bd2 Qb6 14. Rc1 Rac8 15. Qe2 Nxd2 (15... Bd7 16. Ba5 Qb5 17. Qxb5 Bxb5 18. Bb4 {This could have been another idea for black.}) 16. Qxd2 Bg4 17. Nc5 Bxf3 18. gxf3 Rfd8 19. e6 f5 20. b4 $2 {He NEEDS to play h4 here because of the weak g6 pawn I have established.} Qc6 $1 {Now the knight gets kicked.} 21. a4 b6 22. b5 Qc7 23. Nd7 Qd6 24. Rc3 Rc4 25. Rxc4 dxc4 26. f4 $4 Bh6 (26... Rc8 27. Ne5 c3 28. Qd3 Bxe5 29. fxe5 Qd5 {This would have been the best continuation.}) 27. Ne5 Qxd4 28. Qxd4 Rxd4 29. Nc6 Rxf4 30. Nxe7+ Kf8 31. Nc8 Rd4 $3 {Here I need to cut the d6 square as for the d6 check would let him queen.} 32. Nxa7 c3 33. Nc6 Rc4 34. e7+ Ke8 35. Rd1 Re4 (35... Bd2 36. Kg2 c2 37. Rxd2 Rxc6 38. bxc6 c1=Q {This was the easiest win.}) 36. f4 c2 (36... Bxf4 37. Rd8+ Kf7 38. Rf8+ Kg7 39. e8=Q c2 {If you guess the right eval you are a genius. Here black is -1.7 even though he is down a queen. Just look. It is stunning but white has to give his queen to stop promotion. (this is just a fun line)}) 37. Rc1 Rc4 38. Ne5 Bxf4 39. Nxc4 Bxc1 0-1